 Dungeon Crawl Stone Soup version 0.30-a0-652-gcc886f7154 (webtiles) character file.

Game seed: 11664815941569246284

32694 browni3141 the Skirmisher (level 13, -3/93 HPs)
             Began as a Mummy Necromancer on Jan 18, 2023.
             Was an Elder of Ashenzari.
             Slain by a blink frog (6 damage)
             ... on level 4 of the Lair of Beasts.
             The game lasted 01:05:13 (20537 turns).

browni3141 the Skirmisher (Mummy Necromancer)      Turns: 20537, Time: 01:05:14

Health: -3/93      AC: 11    Str: 13    XL:     13   Next: 32%
Magic:  28/28      EV: 17    Int: 14    God:    Ashenzari [****..]
Gold:   243        SH: 16    Dex: 22    Spells: 10/34 levels left

rFire   x . .      SeeInvis +    v - +9 hand crossbow of Ashenzari's Fetters {drain, Range, Cun} (curse)
rCold   + . .      Faith    +    s - +0 tower shield "Lashed Together" {Fort, Cun} (curse)
rNeg    + + +      Spirit   .    I - +5 robe of Night {Dark Will+ SInv, Comp, Self} (curse)
rPois   ∞          Reflect  .    y - +0 helmet of the Mantic Burden {Cun, Melee} (curse)
rElec   .          Harm     .    (no cloak)
rCorr   .          Rampage  .    B - +2 pair of gloves of the Oracular Vision {Fort, Cun} (curse)
Will    +++..      Clarity  +    (no boots)
Stlth   +++++                    (no amulet)
HPRegen 0.35/turn                g - ring "Moon of the Bound God" {Dex+6, Evo, Range} (curse)
MPRegen 0.21/turn                w - ring "Tethered Entitlement" {Will+, Bglg, Elem} (curse)

@: animating dead
A: cold resistance 1, negative energy resistance 3, torment resistance 2, heat
vulnerability 1, in touch with death 2, no potions, faith
a: Renounce Religion, Shatter the Chains


You were on level 4 of the Lair of Beasts.
You worshipped Ashenzari.
Ashenzari was greatly pleased with you.
You visited 4 branches of the dungeon, and saw 18 of its levels.

You collected 1263 gold pieces.
You spent 1020 gold pieces at shops.

Inventory:

Hand Weapons
 a - a +3 scimitar
 b - a +0 sling
 u - a +2 war axe of freezing
 v - the cursed +9 hand crossbow of Ashenzari's Fetters (weapon) {drain, Range, Cun}
   (You acquired it on level 1 of the Lair of Beasts)

   It has a curse which improves the following skills: Ranged Combat: Ranged
   Weapons and Throwing.
   Cunning:   Dodging and Stealth.
 A - a +2 antimagic spear
 H - a +0 scimitar
Missiles
 i - 46 poisoned darts
 k - a throwing net
 F - a curare-tipped dart
Armour
 s - the cursed +0 tower shield "Lashed Together" (worn) {Fort, Cun}
   (You found it on level 5 of the Dungeon)

   It has a curse which improves the following skills: Fortitude: Armour and
   Shields.
   Cunning:   Dodging and Stealth.
 y - the cursed +0 helmet of the Mantic Burden (worn) {Cun, Melee}
   (You found it on level 7 of the Dungeon)

   It has a curse which improves the following skills: Cunning: Dodging and
   Stealth.
   Melee Combat: Short Blades, Long Blades, Axes, Maces & Flails, Polearms,
   Staves and Unarmed Combat.
 B - the cursed +2 pair of gloves of the Oracular Vision (worn) {Fort, Cun}
   (You found it on level 7 of the Dungeon)

   It has a curse which improves the following skills: Fortitude: Armour and
   Shields.
   Cunning:   Dodging and Stealth.
 C - a +0 robe
 I - the cursed +5 robe of Night (worn) {Dark Will+ SInv, Comp, Self}
   (You bought it in a shop on level 9 of the Dungeon)

   Dark:      It shrouds the wearer in darkness, reducing the range at which
   they can see and be seen by others.
   SInv:      It lets you see invisible.
   Will:      It increases your willpower.
   It has a curse which improves the following skills: Companions: Summonings
   and Necromancy.
   Introspection: Fighting and Spellcasting.
 J - a +0 cloak
Jewellery
 d - a ring of fire
 f - a ring of magical power
 g - the cursed ring "Moon of the Bound God" (left hand) {Dex+6, Evo, Range}
   (You found it on level 1 of the Dungeon)

   [ring of dexterity]

   Dex:       It affects your dexterity (+6).
   It has a curse which improves the following skills: Evocations: Evocations.
   Ranged Combat: Ranged Weapons and Throwing.
 r - a +4 ring of protection
 t - a ring of resist corrosion
 w - the cursed ring "Tethered Entitlement" (right hand) {Will+, Bglg, Elem}
   (You found it on level 6 of the Dungeon)

   [ring of willpower]

   Will:      It increases your willpower.
   It has a curse which improves the following skills: Beguiling: Conjurations,
   Hexes and Translocations.
   Elements:  Fire Magic, Ice Magic, Air Magic and Earth Magic.
 z - a ring of fire
Wands
 n - a wand of roots (3)
 q - a wand of polymorph (5)
 x - a wand of flame (29)
 K - a wand of mindburst (10)
Scrolls
 c - 2 scrolls of silence
 e - a scroll of poison
 h - 3 scrolls of enchant weapon
 j - 2 scrolls of blinking
 l - a scroll of teleportation
 m - 4 scrolls of immolation
 o - a scroll of noise
 p - 2 scrolls of vulnerability
 D - a scroll of butterflies
 E - a scroll of brand weapon
 G - a scroll of fog


   Skills:
 - Level 4.0(5.8) Fighting
 - Level 8.8(10.8) Long Blades
 * Level 9.9(12.9) Ranged Weapons
 - Level 3.0(5.5) Throwing
 - Level 6.2(10.8) Dodging
 - Level 6.0(10.6) Stealth
 * Level 2.9(5.4) Shields
 - Level 9.0(11.0) Spellcasting
 - Level 9.4(11.4) Necromancy
 - Level 2.6(4.2) Ice Magic
 - Level 3.5(5.2) Evocations


You had 10 spell levels left.
You knew the following spells:

 Your Spells              Type           Power      Damage    Failure   Level
a - Necrotise             Necr           100%       1d9       1%          1
b - Vampiric Draining     Necr           74%        2d11      2%          3
c - Animate Dead          Necr           74%        N/A       9%          4
d - Agony                 Necr           74%        N/A       24%         5
e - Simulacrum            Ice/Necr       30%        N/A       99%         6
f - Teleport Other        Tloc           8%         N/A       95%         3
g - Blink                 Tloc           16%        N/A       78%         2

Your spell library contained the following spells:

 Spells                   Type           Power      Damage    Failure   Level
 Ozocubu's Armour         Ice            19%        N/A       45%         3
 Magic Dart               Conj           32%        1d4       65%         1
 Hailstorm                Conj/Ice       14%        3d5       75%         3
 Lesser Beckoning         Tloc           16%        N/A       78%         2
 Momentum Strike          Conj/Tloc      16%        3d8       78%         2
 Searing Ray              Conj           16%        2d5       78%         2
 Gell's Gravitas          Tloc           8%         N/A       95%         3
 Kindle Blastsparks       Fire/Tloc/Air  16%        2d11      95%         3
 Fulminant Prism          Conj/Hex       4%         3d5       100%        4
 Iskenderun's Mystic Bla  Conj/Tloc      8%         2d4       100%        4
 Passage of Golubria      Tloc           8%         N/A       100%        4
 Lee's Rapid Deconstruct  Erth           4%         3d5*      100%        5
 Metabolic Englaciation   Hex/Ice        7%         N/A       100%        5
 Silence                  Hex/Air        4%         N/A       100%        5
 Dispersal                Tloc           4%         N/A       100%        6
 Lehudib's Crystal Spear  Conj/Erth      4%         10d3      100%        8
 Ice Form                 Ice/Tmut       Unusable   N/A       N/A         4

Dungeon Overview and Level Annotations

Branches:
Dungeon (11/15)            Temple (1/1) D:6            Lair (4/5) D:10
 Shoals (0/4) Lair:2        Snake (0/4) Lair:3        Slime (0/5) Lair:4
    Orc (2/2) D:10            Elf (0/3) Orc:2

Altars:
Ashenzari
Cheibriados
Dithmenos
Fedhas
Gozag
Hepliaklqana
Kikubaaqudgha
Makhleb
Nemelex Xobeh
Okawaru
Qazlal
Ru
Sif Muna
Trog
Uskayaw
Vehumet
Wu Jian
Xom
Yredelemnul
Jiyva

Shops:
D:9 *   D:10 *   Orc:2 *

Annotations:
D:5 exclusion: downstairs
D:7 1 runed translucent door, exclusions: door and two-headed ogre, olddryhag's ghost, novice TrMo
D:10 Josephine; Lodul
Orc:2 Erolcha


Innate Abilities, Weirdness & Mutations

You are immune to poison.
Your flesh is cold resistant. (rC+)
You are immune to negative energy. (rN+++)
You are immune to unholy pain and torment.
You are vulnerable to heat. (rF-)
You are strongly in touch with the powers of death.
You do not drink.
You have a special connection with the divine. (Faith)


Message History

Your elephant zombie tramples the blink frog!
The blink frog stumbles backwards!
You feel a bit more experienced.
Fire: v) +9 hand crossbow of Ashenzari's Fetters {drain, Range, Cun} (curse)
Press: ? - help, Q - select action, (/) - cycle Shift-Dir - straight line, f - cane toad
Aim: a cane toad (78% to hit)
You shoot a bolt. The bolt hits the cane toad.
You drain the cane toad.
The cane toad is lightly wounded.
The elephant tramples your elephant zombie.
Your elephant zombie stumbles backwards!
The cane toad stings your elephant zombie!
Your elephant zombie closely misses the cane toad.
Your elephant zombie trunk-slaps the cane toad.
Your elephant zombie tramples the elephant but does no damage.
Your elephant zombie trunk-slaps the elephant but does no damage.
Fire: v) +9 hand crossbow of Ashenzari's Fetters {drain, Range, Cun} (curse)
Press: ? - help, Q - select action, (/) - cycle Shift-Dir - straight line, f/p - cane toad
Aim: a cane toad (moderately wounded, not watching you, lightly drained, ally target, 78% to hit)
Okay, then.
Aiming: Mindburst
Press: ? - help, Shift-Dir - straight line, f - blink frog, p - cane toad
Aim: a blink frog (chance to affect: 68%)
The blink frog struggles to resist.
The cane toad stings your elephant zombie!
The elephant tramples your elephant zombie!
Your elephant zombie stumbles backwards!
Your elephant zombie tramples the cane toad!
The cane toad holds its ground!
Your elephant zombie closely misses the cane toad.
Your elephant zombie tramples the elephant.
The elephant holds its ground!
Your elephant zombie barely misses the elephant.
Aiming: Mindburst
Press: ? - help, Shift-Dir - straight line, f/p - blink frog
Aim: a blink frog (chance to affect: 68%)
The blink frog's mind is blasted!!
The elephant tramples your elephant zombie!
Your elephant zombie holds its ground!
The elephant trunk-slaps your elephant zombie but does no damage.
The blink frog hits you.
You die...

, , ,,, ,,,,,, , , , *
,,, ,,,, ,,, ,,,,, ,, , ,
,,,,,,,***,, , ,
,,,,........[.......#....
* * ,,.......
............., ,,,*
.......*#............. ,,
,#....#*##............ ,
, **
#....###............. * ,
, * #..F@..#.............
* ,,,*
##...Z#......##....... *
,* *
#...YYF...##.##....... ,
,,#..##..FZ.#####.#!.#...
* , , .Y.* ##..#.P#
###...... ,*, ,, Y.
,##...#..## ##...... , *
F..##..###...####.......
, ,, ....F.#
##.....##....P. , ,
......####.............


You could see 2 elephants, a cane toad (drained, ally target), 2 blink frogs and
2 friendly elephant zombies.

Vanquished Creatures
  2 hydras
  2 two-headed ogres
  A boulder beetle (D:8)
  A lindwurm (Lair:4)
  Pikel (D:9)
  A black mamba (Lair:2)
  2 elephants
  8 cane toads
  2 komodo dragons
  A troll (Orc:1)
  6 blink frogs
  5 polar bears
  A merfolk (Lair:2)
  Sigmund (D:2)
  3 wraiths
  28 yaks
  A wyvern (Lair:2)
  2 steam dragons
  A warg (Orc:1)
  3 nagas (Lair:3)
  8 water moccasins
  4 ice beasts
  A sky beast (D:7)
  5 orc warriors
  4 black bears
  2 wolves (Lair:3)
  A centaur (D:10)
  2 lemures (D:9)
  9 ogres
  2 kobold brigands
  A gnoll sergeant (D:8)
  6 bullfrogs
  A necrophage (D:7)
  10 scorpions
  8 wights
  10 killer bees
  4 howler monkeys
  3 electric eels (Lair:2)
  6 jellies
  A gnoll bouda (D:6)
  2 orc priests
  5 hounds
  Jessica (D:3)
  2 iguanas
  8 orc wizards
  3 adders
  13 gnolls
  4 white imps
  An ufetubus (D:5)
  2 worms
  2 dart slugs (D:4)
  17 orcs
  4 endoplasms
  7 giant cockroaches
  7 hobgoblins
  4 jackals (D:1)
  6 quokkas
  6 bats
  2 frilled lizards (D:3)
  6 goblins
  11 kobolds
  6 rats
  A butterfly (D:9)
280 creatures vanquished.

Vanquished Creatures (collateral kills)
  Nessos (Lair:3)
  4 death yaks (Lair:3)
  An oklob plant (Lair:1)
  A merfolk siren (Lair:2)
  4 elephants
  A black mamba (Lair:1)
  A cane toad (Lair:1)
  2 komodo dragons (Lair:1)
  A rime drake (Lair:1)
  2 merfolk (Lair:2)
  3 blink frogs
  16 yaks
  A vampire mosquito (D:9)
  A water moccasin (Lair:2)
  An ogre (D:10)
  4 wolves (Lair:3)
  A centaur (D:9)
  3 bullfrogs
  A kobold brigand (D:9)
  A wight (D:9)
  A killer bee (D:9)
  An orc (Orc:1)
  2 bats
  A giant cockroach (D:1)
  A goblin (D:1)
  A hobgoblin (D:1)
  A jackal (D:1)
  10 kobolds
  A butterfly (D:9)
69 creatures vanquished.

Vanquished Creatures (others)
  A hydra zombie (Lair:3)
  A two-headed ogre zombie (D:9)
  2 merfolk zombies (Lair:2)
  2 cane toad zombies
  2 blink frog zombies (Lair:1)
  2 polar bear zombies (Lair:1)
  21 yak zombies
  6 wolf zombies (Lair:3)
  A centaur zombie (D:9)
  A bullfrog zombie (Lair:1)
  A scorpion zombie (D:10)
  10 kobold zombies
  A bush (Lair:2)
  27 fungi
  47 plants
  2 withered plants (D:7)
127 creatures vanquished.

Grand Total: 476 creatures vanquished

Notes
Turn   | Place    | Note
-------+----------+-------------------------------------------
     0 | D:1      | browni3141 the Mummy Necromancer began the quest for the
                  | Orb.
     0 | D:1      | Reached XP level 1. HP: 13/13 MP: 4/4
     6 | D:1      | Noticed a wyvern
     6 | D:1      | Noticed a lindwurm
     6 | D:1      | Noticed a salamander
     7 | D:1      | Noticed a hound
     7 | D:1      | Noticed an iguana
   144 | D:1      | Reached XP level 2. HP: 18/19 MP: 0/6
   817 | D:2      | Gained mutation: You are in touch with the powers of death.
                  | [Mummy growth]
   817 | D:2      | Reached XP level 3. HP: 21/24 MP: 5/8
   935 | D:2      | Noticed Sigmund
  1311 | D:3      | Noticed Jessica
  1458 | D:3      | Found a faded altar of an unknown god.
  1504 | D:2      | Learned a level 3 spell: Vampiric Draining
  1835 | D:3      | Reached skill level 1 in Throwing
  1835 | D:3      | Reached XP level 4. HP: 15/30 MP: 10/10
  2075 | D:3      | Found an iron altar of Okawaru.
  2558 | D:4      | Reached skill level 1 in Ranged Weapons
  2558 | D:4      | Reached skill level 5 in Necromancy
  2704 | D:4      | Reached XP level 5. HP: 35/35 MP: 11/11
  3257 | D:4      | Reached XP level 6. HP: 29/41 MP: 12/12
  3820 | D:5      | Entered Level 5 of the Dungeon
  3957 | D:5      | Noticed an ice beast
  4141 | D:5      | Noticed an ice beast
  4155 | D:5      | Killed an ice beast
  4200 | D:5      | Reached XP level 7. HP: 39/46 MP: 13/13
  4988 | D:5      | Learned a level 4 spell: Animate Dead
  4994 | D:5      | Learned a level 5 spell: Agony
  4995 | D:6      | Found a broken altar of Ashenzari.
  5373 | D:3      | Killed Jessica
  5374 | D:3      | Reached XP level 8. HP: 48/52 MP: 14/14
  5728 | D:2      | Killed Sigmund
  6218 | D:6      | Reached skill level 5 in Dodging
  6349 | D:6      | Found a burning altar of Makhleb.
  6349 | D:6      | Noticed an Executioner
  6352 | D:6      | Noticed an orange demon
  6393 | D:6      | Became a worshipper of Ashenzari the Shackled
  6910 | D:6      | Found a staircase to the Ecumenical Temple.
  7054 | Temple   | Entered the Ecumenical Temple
  7774 | D:7      | Reached XP level 9. HP: 57/57 MP: 8/15
  7923 | D:7      | Found a runed translucent door.
  7923 | D:7      | Noticed olddryhag's ghost (novice TrMo)
  8034 | D:7      | Noticed a two-headed ogre
  8513 | D:7      | Reached skill level 1 in Long Blades
  8953 | D:8      | Reached * piety under Ashenzari
  9188 | D:8      | Noticed a boulder beetle
  9198 | D:8      | Killed a boulder beetle
  9199 | D:8      | Reached skill level 1 in Fighting
  9291 | D:8      | Reached ** piety under Ashenzari
  9636 | D:9      | Reached skill level 5 in Spellcasting
  9769 | D:9      | Noticed Pikel
  9870 | D:9      | Noticed a two-headed ogre
  9909 | D:9      | Killed Pikel
  9910 | D:9      | Reached XP level 10. HP: 51/69 MP: 16/18
 10080 | D:9      | Killed a two-headed ogre
 10100 | D:9      | Reached skill level 5 in Long Blades
 10283 | D:9      | Found Kagykhleo's General Store.
 10539 | D:9      | Bought a scroll of poison for 60 gold pieces
 10539 | D:9      | Bought a scroll of fear for 60 gold pieces
 10778 | D:9      | Found a runed translucent door.
 10780 | D:9      | Found a runed translucent door.
 10803 | D:9      | Reached XP level 11. HP: 67/77 MP: 23/23
 11100 | D:9      | Reached *** piety under Ashenzari
 11197 | D:10     | Entered Level 10 of the Dungeon
 11302 | D:10     | Reached skill level 1 in Evocations
 11336 | D:10     | Noticed a two-headed ogre
 11451 | D:10     | Noticed Josephine
 11950 | D:9      | Reached skill level 5 in Stealth
 12064 | D:10     | Found Yfid's General Store.
 12110 | D:10     | Noticed Lodul
 12595 | D:10     | Found an ancient bone altar of Kikubaaqudgha.
 12875 | D:10     | Learned a level 6 spell: Simulacrum
 12879 | D:10     | Learned a level 3 spell: Teleport Other
 12882 | D:10     | Learned a level 2 spell: Blink
 13688 | D:10     | Found a staircase to the Orcish Mines.
 13746 | Orc:1    | Entered Level 1 of the Orcish Mines
 13797 | Orc:1    | Reached **** piety under Ashenzari
 13841 | D:10     | Found a staircase to the Lair.
 14261 | Orc:2    | Entered Level 2 of the Orcish Mines
 14261 | Orc:2    | Found Sarchusom's General Store.
 14399 | Orc:2    | Noticed an orc knight
 14401 | Orc:2    | Reached skill level 1 in Ice Magic
 14559 | Orc:2    | Found a staircase to the Elven Halls.
 14592 | Orc:2    | Noticed Erolcha
 14829 | D:10     | Killed a two-headed ogre
 14884 | D:9      | Reached skill level 1 in Shields
 15069 | D:9      | Bought the +5 robe of Night {Dark Will+ SInv} for 900 gold
                  | pieces
 15069 | D:9      | Found the +5 robe of Night {Dark Will+ SInv}
 15142 | Lair:1   | Entered Level 1 of the Lair of Beasts
 15631 | Lair:1   | Reached XP level 12. HP: 71/83 MP: 24/24
 15685 | Lair:1   | Identified a scroll of acquirement
 15696 | Lair:1   | Acquired a +7 hand crossbow of draining
 16996 | Lair:2   | Found a staircase to the Shoals.
 17021 | Lair:2   | HP: 4/83 [merfolk/+0 trident (5)]
 17475 | Lair:2   | Reached skill level 5 in Ranged Weapons
 17832 | Lair:2   | Noticed a seven-headed hydra
 17849 | Lair:2   | Killed a seven-headed hydra
 18546 | Lair:2   | Found a staircase to the Shoals.
 19234 | Lair:3   | Noticed Nessos
 19260 | Lair:3   | Noticed an eight-headed hydra
 19416 | Lair:3   | Killed an eight-headed hydra
 19424 | Lair:3   | Noticed a death yak
 19425 | Lair:3   | Noticed a death yak
 19429 | Lair:3   | Killed a death yak
 19430 | Lair:3   | Killed a death yak
 19431 | Lair:3   | Noticed a death yak
 19431 | Lair:3   | Noticed a death yak
 19433 | Lair:3   | Killed a death yak
 19435 | Lair:3   | Killed a death yak
 19436 | Lair:3   | Gained mutation: You are strongly in touch with the powers
                  | of death. [Mummy growth]
 19436 | Lair:3   | Reached XP level 13. HP: 71/88 MP: 26/26
 19495 | Lair:3   | Killed Nessos
 19851 | Lair:3   | Found a staircase to the Snake Pit.
 20387 | Lair:4   | Found a viscous altar of Jiyva.
 20387 | Lair:4   | Found a staircase to the Slime Pits.
 20533 | Lair:4   | HP: 2/93 [cane toad (7)]
 20537 | Lair:4   | Slain by a blink frog

Illustrated notes

Levels and vault maps discovered:
D:1:      onia_arrival_zoo_common, layout_rooms
D:2:      layout_rooms, uniq_sigmund
D:3:      minmay_chambers_of_twos, layout_loops_ring,
          mainiacjoe_overflow_catwalk, dreamdust_ecumenical_altar_statues,
          minmay_misc_feat_more_columns, uniq_jessica
D:4:      layout_loops_ring
D:5:      layout_loops_ring, serial_bayou_crossing
D:6:      layout_basic, makhleb_altar_promises_db,
          mainiacjoe_overflow_concentric_impassable,
          minmay_temple_entry_antechambers
D:7:      minmay_opposing_rooms, layout_loops_corners, gammafunk_ghost_grave,
          minmay_a_box_with_orc_wizards_in_it
D:8:      layout_gridville
D:9:      lemuel_insect_pit, layout_irregular_city, serial_shops,
          nicolae_shop_window_shopping, uniq_pikel
D:10:     layout_rooms, lemuel_coloured_pillars_altar,
          grunt_lair_entry_orc_guard_hut, serial_shops, kennysheep_little_box,
          uniq_josephine, uniq_lodul
D:11:     layout_roguey
Temple:   eino_narrow_crystal_temple
Lair:1:   layout_cave_shapes, cheibrodos_lair_lostbears, grunt_megastairs_1
Lair:2:   layout_gridlike, elwin_shoals_entry_stream
Lair:3:   layout_hall_layers, nicolae_snake_entry_squirm, uniq_nessos
Lair:4:   layout_layer_cave, dpeg_slime_entry_enclosed, lemuel_fruit_tree
Orc:1:    layout_caves, abandoned_shop, uniq_nergalle
Orc:2:    pf_orc_diabolical, layout_caves, serial_shops, shop, uniq_erolcha

Skill      XL: |  1  2  3  4  5  6  7  8  9 10 11 12 13 |
---------------+----------------------------------------+-----
Spellcasting   | 3 4 5 8 9 |  9.0
Throwing       | 1 2 3 |  3.0
Ranged Weapons | 1 2 3 4 8 9 |  9.9
Necromancy     | 5 7 8 9 |  9.4
Dodging        | 2 4 5 6 |  6.2
Stealth        | 4 5 6 |  6.0
Long Blades    | 4 7 8 |  8.8
Fighting       | 2 4 |  4.0
Evocations     | 2 3 |  3.5
Ice Magic      | 2 |  2.6
Shields        | 1 2 |  2.9

Action                   |  1- 3 |  4- 6 |  7- 9 | 10-12 | 13-15 || total
-------------------------+-------+-------+-------+-------+-------++-------
Melee: Unarmed           |    31 |       |       |       |       ||    31
       Punch             |     1 |       |       |     5 |       ||     6
       Long sword        |       |       |    30 |   261 |       ||   291
       Scimitar          |       |       |       |    90 |       ||    90
 Fire: Sling             |    14 |   157 |   306 |       |       ||   477
       Hand crossbow     |       |       |       |   131 |    66 ||   197
Throw: Dart              |       |    14 |       |       |       ||    14
 Cast: Necrotise         |    69 |    14 |       |     1 |       ||    84
       Vampiric Draining |       |    10 |    64 |    52 |       ||   126
       Animate Dead      |       |       |       |    13 |     1 ||    14
       Agony             |       |       |       |    10 |       ||    10
       Teleport Other    |       |       |       |     7 |       ||     7
       Blink             |       |       |       |     1 |       ||     1
Invok: Curse Item        |       |       |     3 |     4 |     2 ||     9
       Shatter the Chain |       |       |       |     2 |       ||     2
Evoke: Wand              |       |     3 |    30 |    28 |     2 ||    63
  Use: Scroll            |       |     4 |     3 |    13 |     1 ||    21
 Stab: Distracted        |       |       |       |     2 |       ||     2
Armor: Robe              |    20 |    13 |    64 |   117 |    16 ||   230
Dodge: Dodged            |    51 |    59 |   234 |   573 |    42 ||   959
Block: Tower shield      |       |       |       |       |    25 ||    25

Table legend: (Time is in decaauts)
 A = Elapsed time spent in this place.
 B = Non-inter-level travel time spent in this place.
 C = Inter-level travel time spent in this place.
 D = Time resting spent in this place.
 E = Time spent auto-exploring this place.
 F = Levels seen in this place.
 G = Mean time per level.
                   A        B        C        D        E       F      G
               +--------+--------+--------+--------+--------+-----+--------+
         Total |  20852 |  19455 |   1397 |   2996 |  12034 |  18 | 1158.4 |
       Dungeon |  14203 |  13013 |   1190 |   1759 |   7893 |  11 | 1291.2 |
        Temple |    186 |    173 |     13 |      0 |    162 |   1 |  186.0 |
          Lair |   5496 |   5399 |     97 |    915 |   3623 |   4 | 1374.0 |
  Orcish Mines |    964 |    867 |     97 |    322 |    355 |   2 |  482.0 |
               +--------+--------+--------+--------+--------+-----+--------+

Top non-repeatable levels by time:
     D:9: 2674 daAuts
  Lair:2: 2266 daAuts
    D:10: 1945 daAuts
  Lair:1: 1791 daAuts
     D:7: 1720 daAuts
     D:5: 1610 daAuts
     D:3: 1504 daAuts
     D:4: 1454 daAuts
  Lair:3: 1270 daAuts
     D:6: 967 daAuts
   Orc:1: 870 daAuts
     D:1: 838 daAuts
     D:2: 810 daAuts
     D:8: 643 daAuts
  Temple: 186 daAuts
